 Dungeon Crawl Stone Soup version 0.28.0 (webtiles) character file.

Game seed: 750543926017464275

818 horus123 the Ducker (level 7, 0/58 HPs)
             Began as a Merfolk Gladiator on Feb 16, 2022.
             Was an Initiate of Yredelemnul.
             Slain by a water moccasin (1 damage)
             ... on level 5 of the Dungeon.
             The game lasted 00:08:16 (5876 turns).

horus123 the Ducker (Merfolk Gladiator)             Turns: 5876, Time: 00:08:17

Health: 0/58       AC: 11    Str: 16    XL:     7   Next: 94%
Magic:  7/7        EV:  6    Int:  8    God:    Yredelemnul [......]
Gold:   302        SH:  0    Dex: 15    Spells: 6/6 levels left

rFire   . . .      SeeInvis +   a - +1 trident
rCold   . . .      Faith    .   (no shield)
rNeg    + . .      Spirit   .   p - +0 plate armour
rPois   .          Reflect  .   o - +0 helmet
rElec   .          Harm     .   (no cloak)
rCorr   .          Rampage  .   (no gloves)
Will    .....                   (no boots)
Stlth   ..........              (no amulet)
HPRegen 0.19/turn               m - ring of see invisible
MPRegen 0.10/turn               e - ring of positive energy

@: lethally poisoned (0 -> -8)
A: (nimble swimmer 2), mertail
a: Renounce Religion, Recall Undead Harvest


You were on level 5 of the Dungeon.
You worshipped Yredelemnul.
Yredelemnul was noncommittal.
You visited 1 branch of the dungeon, and saw 6 of its levels.

You collected 302 gold pieces.

Inventory:

Hand Weapons
 a - a +1 trident (weapon)
 l - the +11 mace of Suicidal Tendencies {flame, rF+ rN+}
   (You found it on level 3 of the Dungeon)

   It burns those it strikes, dealing additional fire damage.
   rF:        It protects you from fire.
   rN:        It protects you from negative energy.
 r - a +0 halberd
Missiles
 d - 3 throwing nets (quivered)
 s - 5 boomerangs
Armour
 f - a +0 chain mail
 o - a +0 helmet (worn)
 p - a +0 plate armour (worn)
Jewellery
 e - a ring of positive energy (right hand)
 m - a ring of see invisible (left hand)
Wands
 t - a wand of iceblast (8)
 v - a wand of flame (17)
Scrolls
 c - a scroll of brand weapon {unknown}
 i - a scroll of fear
 k - a scroll of noise
 n - a scroll of blinking
 q - a scroll of identify
 u - 2 scrolls of holy word {unknown}
Potions
 b - a potion of attraction {unknown}
 g - 4 potions of mutation {unknown}
 h - a potion of berserk rage {unknown}
 j - 4 potions of curing {unknown}
 w - a potion of flight {unknown}
 x - a potion of brilliance


   Skills:
 - Level 6.1 Fighting
 - Level 7.0 Polearms
 - Level 2.0 Throwing
 - Level 2.0 Armour
 - Level 7.2 Dodging
 + Level 1.1 Invocations


You had 6 spell levels left.
You didn't know any spells.
Your spell library was empty.

Dungeon Overview and Level Annotations

Branches:
Dungeon (6/15)             Temple (0/1) D:5

Altars:
Fedhas
Gozag
Kikubaaqudgha
Qazlal
Sif Muna
Vehumet
Yredelemnul


Innate Abilities, Weirdness & Mutations

((You are very nimble when in or above water. (Stealth+, EV+, Speed+++)))
Your lower body shifts to a powerful aquatic tail in water.


Message History

The water moccasin is almost dead.
The water moccasin bites you but does no damage. x2
You closely miss the water moccasin. Your punch misses the water moccasin.
The water moccasin is almost dead.
The water moccasin barely misses you.
You barely miss the water moccasin.
The water moccasin is almost dead.
The water moccasin bites you.
* * * LOW HITPOINT WARNING * * *
You hit the water moccasin.
The water moccasin is almost dead.
The water moccasin bites you but does no damage. x2
You hit the water moccasin but do no damage.
The water moccasin is almost dead.
The water moccasin bites you.
* * * LOW HITPOINT WARNING * * *
You barely miss the water moccasin.
The water moccasin is almost dead.
The water moccasin bites you but does no damage.
You closely miss the water moccasin.
The water moccasin is almost dead.
The water moccasin bites you but does no damage. x2
You hit the water moccasin but do no damage.
The water moccasin is almost dead.
The water moccasin bites you.
* * * LOW HITPOINT WARNING * * *
You are lethally poisoned!
The water moccasin poisons you!
You hit the water moccasin.
The water moccasin is almost dead.
* * * LOW HITPOINT WARNING * * *
You feel very sick. The water moccasin bites you.
* * * LOW HITPOINT WARNING * * *
You barely miss the water moccasin.
The water moccasin is almost dead.
* * * LOW HITPOINT WARNING * * *
You feel sick. The water moccasin bites you.
You die...
Your body rises from the dead as a mindless zombie.

#Z# #.###.##..#####
#.# #.# #..........
#.# #.######..#####
#.# #...# #..# #
#.# ###.# #..# #
#.# #.# #..# # #.#
#.# #.>#####
#.#####.####.......
#.@SF........8.8.8.
######........⌠.⌠..
#.####..8.>.8.
#.#####..⌠.⌠..
#.##....8.8.8.
#.##.##.......
#####.##.##.#.##..
#8ZZ#.........##..
#_Z.Z.........####


You could see a water moccasin and a bullfrog.

Vanquished Creatures
  A centaur (D:5)
  Blork the orc (D:5)
  A water moccasin skeleton (D:5)
  5 hounds
  A centaur skeleton (D:5)
  3 iguanas
  Jessica (D:2)
  A bullfrog skeleton (D:5)
  3 orc wizards (D:5)
  A hound zombie (D:3)
  5 gnolls (D:4)
  5 adders
  An adder skeleton (D:4)
  An adder zombie (D:3)
  A worm (D:2)
  3 dart slugs
  An orc (D:5)
  8 ball pythons
  4 bats
  9 endoplasms
  4 giant cockroaches
  8 goblins
  4 hobgoblins
  4 quokkas
  4 frilled lizards
  A giant cockroach zombie (D:3)
  2 kobolds
  A rat (D:1)
84 creatures vanquished.

Vanquished Creatures (collateral kills)
  A gnoll shaman (D:4)
  A hound skeleton (D:4)
  An adder (D:4)
  A jackal (D:4)
4 creatures vanquished.

Vanquished Creatures (others)
  2 hound zombies
  An adder zombie (D:4)
  2 ball python zombies (D:4)
  2 giant cockroach zombies (D:4)
  2 gnoll zombies (D:4)
  A goblin zombie (D:4)
  A spectral endoplasm (D:4)
11 creatures vanquished.

Grand Total: 99 creatures vanquished

Notes
Turn   | Place    | Note
-------+----------+-------------------------------------------
     0 | D:1      | horus123 the Merfolk Gladiator began the quest for the Orb.
     0 | D:1      | Reached XP level 1. HP: 16/16 MP: 1/1
   153 | D:1      | Reached XP level 2. HP: 15/23 MP: 2/2
  1000 | D:2      | Reached skill level 5 in Polearms
  1015 | D:2      | Reached XP level 3. HP: 15/29 MP: 3/3
  1670 | D:2      | Reached XP level 4. HP: 30/35 MP: 4/4
  1767 | D:2      | Noticed Jessica
  1776 | D:2      | Killed Jessica
  2119 | D:2      | Reached skill level 1 in Armour
  2119 | D:2      | Reached XP level 5. HP: 22/41 MP: 5/5
  2541 | D:3      | Noticed a great orb of eyes
  2573 | D:3      | Found a faded altar of an unknown god.
  2574 | D:3      | Noticed a floating eye
  2577 | D:3      | Noticed an eye of devastation
  2577 | D:3      | Noticed a golden eye
  2683 | D:3      | Found a stormy altar of Qazlal.
  2688 | D:3      | Identified the +11 mace of Suicidal Tendencies {flame, rF+
                  | rN+}
  2698 | D:3      | Found a blossoming altar of Fedhas.
  2882 | D:3      | Found a basalt altar of Yredelemnul.
  2891 | D:3      | Became a worshipper of Yredelemnul the Dark
  3211 | D:4      | Reached * piety under Yredelemnul
  3325 | D:4      | Reached skill level 5 in Dodging
  3325 | D:4      | Reached XP level 6. HP: 43/47 MP: 6/6
  3517 | D:4      | Identified the +0 ring mail of the Arcane {rN+ Dex-5
                  | Stlth+}
  3881 | D:4      | Reached ** piety under Yredelemnul
  4654 | D:5      | Entered Level 5 of the Dungeon
  4714 | D:5      | Found a radiant altar of Vehumet.
  4724 | D:5      | Found an ancient bone altar of Kikubaaqudgha.
  4749 | D:5      | Found a shimmering blue altar of Sif Muna.
  4871 | D:5      | Reached XP level 7. HP: 52/52 MP: 7/7
  5092 | D:5      | Reached skill level 5 in Fighting
  5360 | D:5      | Found a staircase to the Ecumenical Temple.
  5406 | D:5      | Noticed Blork the orc
  5414 | D:5      | Killed Blork the orc
  5670 | D:5      | Found an opulent altar of Gozag.
  5855 | D:5      | Reached skill level 1 in Invocations
  5876 | D:5      | HP: 1/58 [poisoned by a water moccasin]
  5876 | D:5      | Slain by a water moccasin

Illustrated notes

Levels and vault maps discovered:
D:1:      dpeg_arrival_connections, layout_loops_ring
D:2:      layout_loops_ring, uniq_jessica
D:3:      layout_basic, grunt_temple_overflow_forces_of_nature,
          nicolae_yredelemnul_corpse_copse,
          hellmonk_ecumenical_altar_watching_god
D:4:      layout_layer_cave, minmay_between
D:5:      layout_loops_ring, palyth_temple_overflow_mages,
          grunt_gozag_breadcrumbs, minmay_temple_entry_statues_fountains,
          uniq_blork_the_orc
D:6:      layout_rooms, demons_altar, tso_oasis_becter, serial_shops, shop,
          uniq_maggie

Skill      XL: |  1  2  3  4  5  6  7 |
---------------+----------------------+-----
Fighting       | 3 6 |  6.1
Polearms       | 5 6 7 |  7.0
Armour         | 1 2 |  2.0
Dodging        | 5 7 |  7.2
Invocations    | 1 |  1.1
Throwing       | |  2.0

Action                   |  1- 3 |  4- 6 |  7- 9 || total
-------------------------+-------+-------+-------++-------
Melee: Trident           |   104 |   193 |    84 ||   381
       Punch             |       |     2 |     1 ||     3
  Use: Scroll            |       |     5 |       ||     5
 Stab: Sleeping          |     1 |       |       ||     1
       Distracted        |       |     1 |     1 ||     2
Armor: Leather armour    |     6 |       |       ||     6
       Chain mail        |    23 |    61 |       ||    84
       Plate armour      |       |    17 |    46 ||    63
Dodge: Dodged            |    52 |    62 |    35 ||   149
